 Dungeon Crawl Stone Soup version 0.17-a0-1020-ge683cc4 (webtiles) character file.

396 Const the Charmwright (level 6, 0/75 HPs)
             Began as a Centaur Skald on May 14, 2015.
             Succumbed to Sigmund's poison
             ... on level 4 of the Dungeon.
             The game lasted 00:18:06 (4675 turns).

Const the Charmwright (Centaur Skald)               Turns: 4675, Time: 00:18:06

Health: 0/75       AC: 23    Str: 15    XL:     6   Next: 52%
Magic:  4/9        EV:  1    Int: 13    God:
Gold:   204        SH:  0    Dex:  8    Spells: 4 memorised, 1 level left

rFire  + . .     SeeInvis +     a - +1 falchion
rCold  + . .     Clarity  .     (armour currently unavailable)
rNeg   + + +     SustAb   .     (no shield)
rPois  +         Gourm    .     (helmet currently unavailable)
rElec  +         Spirit   .     (cloak currently unavailable)
rCorr  +         Warding  .     (gloves currently unavailable)
rMut   .         NoTele   +     (no barding)
MR     .....                    (no amulet)
Stlth  +.........               (no ring)
                                i - ring of see invisible

@: lethally poisoned (0 -> -6), tree-form, resistant, drained, not resistant to
hostile enchantments, very unstealthy
A: (hooves 0), (deformed body), (speed 0), (tough skin 0)
a: no special abilities


You were on level 4 of the Dungeon.
You were not hungry.
You were a tree.
You visited 1 branch of the dungeon, and saw 4 of its levels.

You collected 204 gold pieces.

Inventory:

Hand weapons
 a - a +1 falchion (weapon)
Armour
 b - a +0 leather armour (melded)
 d - a +0 helmet (melded)
 j - a +0 cloak (melded)
Jewellery
 i - a ring of see invisible (left branch)
 q - a cursed ring of teleportation
Scrolls
 f - 2 scrolls of remove curse
 g - 2 scrolls of recharging
 k - a scroll of fear
 l - a scroll of random uselessness {unknown}
 s - a scroll of magic mapping {unknown}
Potions
 m - a potion of resistance
 o - a potion of haste
 r - a potion of might
 t - a potion of brilliance
Books
 c - a book of Battle

   Spells                             Type                      Level
   a - Infusion                       Charms                       1
   b - Shroud of Golubria             Charms/Translocation         2
   c - Song of Slaying                Charms                       2
   d - Spectral Weapon                Hexes/Charms                 3
   e - Regeneration                   Charms/Necromancy            3
Comestibles
 n - a meat ration
 p - 2 bread rations
 u - 2 chunks of flesh


   Skills:
 + Level 2.8(2.3) Fighting
 + Level 2.8(2.3) Long Blades
 + Level 2.3(1.8) Armour
 + Level 2.3(1.7) Dodging
 + Level 0.1(0.0) Stealth
 + Level 2.1(1.6) Spellcasting
 + Level 3.6(3.0) Charms
 + Level 1.0(0.5) Translocations


You had one spell level left.
You knew the following spells:

 Your Spells              Type           Power        Failure   Level  Hunger
a - Infusion              Chrm           #.....       10%         1    ##.....
b - Shroud of Golubria    Chrm/Tloc      #.........   21%         2    ###....
c - Song of Slaying       Chrm           #.......     14%         2    ###....
d - Regeneration          Chrm/Necr      #.........   52%         3    ####...


Dungeon Overview and Level Annotations

Branches:
Dungeon (4/15)
 Temple: D:4-7

Altars:

Annotations:
D:3 Oper80's ghost, average VSEn
D:4 Sigmund


Innate Abilities, Weirdness & Mutations

((You have hooves in place of feet.))
((Armour fits poorly on your strangely shaped body.))
((You cover ground very quickly.))
((You have extremely tough skin (AC +3).))


Message History

You can't drink that!
Unknown command.
Drink which item? (? for menu, Esc to quit)
You feel protected.
* * * LOW HITPOINT WARNING * * *
You feel sick.
* * * LOW HITPOINT WARNING * * *
You feel sick.
Drink which item? (? for menu, Esc to quit)
Okay, then.
Drink which item? (? for menu, Esc to quit)
You turn into a tree.
Your +0 cloak melds into your body.
Your +0 helmet melds into your body.
Your +0 leather armour melds into your body.
Your roots penetrate the ground.
Your shroud unravels.
* * * LOW HITPOINT WARNING * * *
You feel sick.
Unknown command.
You die...

#.........##.......#.#
#..÷......##.........#
#...#.######........<#
#...#.# #.......#.#
#####.# #.....##### #.#
#.#.### ####.### #.#..#
...####......####.#####
...........♣....@.....#
#.####.##.#.####.#####
#.##.#.# ..# #.##.#.#
### #....#.#.....
#.##.........
#.##.#......#
#.##.######.# #.##....#
#.#


You could see Sigmund (invisible).

Vanquished Creatures
  An ogre (D:4)
  A jelly (D:3)
  A crimson imp (D:3)
  A giant frog skeleton (D:3)
  Robin (D:3)
  7 adders
  3 gnolls (D:2)
  2 oozes (D:2)
  A worm (D:3)
  4 giant geckos
  4 orcs (D:4)
  A ball python (D:1)
  12 bats
  6 giant cockroaches
  18 goblins
  16 hobgoblins
  4 jackals
  2 quokkas
  A giant gecko skeleton (D:4)
  4 giant newts
  8 kobolds
  12 rats
110 creatures vanquished.

Notes
Turn   | Place    | Note
--------------------------------------------------------------
     0 | D:1      | Const the Centaur Skald began the quest for the Orb.
     0 | D:1      | Reached XP level 1. HP: 17/17 MP: 3/3
   164 | D:1      | Reached XP level 2. HP: 11/24 MP: 1/4
   168 | D:1      | Learned a level 2 spell: Shroud of Golubria
   540 | D:1      | Reached skill level 1 in Dodging
  1058 | D:2      | Reached skill level 1 in Armour
  1058 | D:2      | Reached XP level 3. HP: 27/29 MP: 1/5
  1153 | D:2      | Reached skill level 3 in Charms
  1181 | D:2      | HP: 1/29 [poisoned by an adder]
  1903 | D:2      | Reached XP level 4. HP: 24/36 MP: 0/6
  1907 | D:2      | Learned a level 2 spell: Song of Slaying
  3119 | D:3      | Noticed Robin
  3138 | D:2      | Reached XP level 5. HP: 10/42 MP: 4/7
  3477 | D:3      | Killed Robin
  3753 | D:3      | Reached XP level 6. HP: 23/50 MP: 9/9
  3996 | D:3      | Noticed Oper80's ghost (average VSEn)
  4329 | D:4      | Learned a level 3 spell: Regeneration
  4496 | D:4      | Reached skill level 1 in Translocations
  4506 | D:4      | Noticed Sigmund
  4671 | D:4      | HP: 2/50 [poisoned by Sigmund]
  4675 | D:4      | Succumbed to Sigmund's poison

Vault maps used:
D:1:      erik_arrival_cave_to_civilisation, feat_on_display
D:2:      kennysheep_the_goblin_king, serial_forest, infiniplex_forest_corner_2,
          infiniplex_forest_clump_small, infiniplex_forest_corner_1,
          infiniplex_forest_clump_tiny, grunt_ministairs_13
D:3:      uniq_robin
D:4:      lemuel_upstairs_altar, serial_shops, nicolae_shop_stone,
          grunt_ministairs_5, feat_on_display, uniq_sigmund, uniq_edmund

Action                   |  1- 3 |  4- 6 || total
-------------------------+-------+-------++-------
Melee: Falchion          |   134 |   260 ||   394
 Cast: Infusion          |     8 |     9 ||    17
       Shroud of Golubri |     7 |    21 ||    28
       Song of Slaying   |       |     3 ||     3
  Use: Scroll            |     3 |     7 ||    10
       Potion            |       |     3 ||     3
  Eat: Chunk             |     3 |     7 ||    10
       Bread ration      |       |     1 ||     1
